 Dungeon Crawl Stone Soup version 0.28.0-47-ge53b351184 (webtiles) character file.

Game seed: 9198320336062385002

2245 Peloso the Carver (level 9, -5/74 (75) HPs)
             Began as a Minotaur Fighter on May 1, 2022.
             Was a Follower of Okawaru.
             Slain by a killer bee (7 damage)
             ... on level 7 of the Dungeon.
             The game lasted 00:13:48 (7550 turns).

Peloso the Carver (Minotaur Fighter)                Turns: 7550, Time: 00:13:48

HP:   -5/74 (75)    AC: 14    Str: 24    XL:     9   Next: 15%
MP:   6/8           EV: 11    Int:  5    God:    Okawaru [*.....]
Gold: 291           SH:  5    Dex: 11    Spells: 8/8 levels left

rFire   . . .      SeeInvis .   a - +0 long sword
rCold   . . .      Faith    .   c - +0 buckler
rNeg    . . .      Spirit   .   b - +0 scale mail
rPois   .          Reflect  .   (helmet restricted)
rElec   .          Harm     .   l - +0 cloak
rCorr   .          Rampage  .   x - +0 pair of gloves
Will    .....                   (no boots)
Stlth   ..........              (no amulet)
HPRegen 0.22/turn               g - +4 ring of protection
MPRegen 0.11/turn               (no ring)

@: brilliant, lethally poisoned (-5 -> -9), hasted, lightly drained, very quick
A: horns 2, retaliatory headbutt
a: Renounce Religion, Heroism


You were on level 7 of the Dungeon.
You worshipped Okawaru.
Okawaru was aware of your devotion.
You visited 2 branches of the dungeon, and saw 8 of its levels.

You collected 291 gold pieces.

Inventory:

Hand Weapons
 a - a +0 long sword (weapon)
 d - a +0 hand crossbow
Missiles
 u - 25 bolts
Armour
 b - a +0 scale mail (worn)
 c - a +0 buckler (worn)
 l - a +0 cloak (worn)
 x - a +0 pair of gloves (worn)
Jewellery
 g - a +4 ring of protection (left hand)
Scrolls
 e - a scroll of summoning {unknown}
 i - 2 scrolls of fear {unknown}
 j - 2 scrolls of immolation
 k - 2 scrolls of fog {unknown}
 o - 3 scrolls of teleportation {unknown}
 p - 2 scrolls of enchant weapon {unknown}
 q - a scroll of brand weapon {unknown}
 t - 2 scrolls of blinking {unknown}
Potions
 n - a potion of flight


   Skills:
 + Level 6.0 Fighting
 + Level 9.9 Long Blades
 + Level 1.8 Crossbows
 + Level 8.0 Armour
 + Level 3.5 Dodging
 + Level 1.0 Stealth
 + Level 5.8 Shields


You had 8 spell levels left.
You didn't know any spells.
Your spell library contained the following spells:

 Spells                   Type           Power      Damage    Failure   Level
 Beastly Appendage        Tmut           0%         N/A       83%         1
 Wereblood                Tmut           0%         N/A       92%         2
 Spider Form              Tmut/Pois      0%         N/A       99%         3
 Fireball                 Conj/Fire      0%         3d3       100%        5
 Starburst                Conj/Fire      0%         6d3       100%        6
 Ignition                 Fire           0%         3d3       100%        8


Dungeon Overview and Level Annotations

Branches:
Dungeon (7/15)             Temple (1/1) D:5

Altars:
Cheibriados
Dithmenos
Elyvilon
Fedhas
Gozag
Hepliaklqana
Kikubaaqudgha
Okawaru
Ru
Sif Muna
Vehumet
Wu Jian
Xom
The Shining One


Innate Abilities, Weirdness & Mutations

You have a pair of horns on your head.
You reflexively headbutt those who attack you in melee.


Message History

* * * LOW HITPOINT WARNING * * *
You feel sick. The killer bee barely misses you. x2
You miss the killer bee.
* * * LOW HITPOINT WARNING * * *
You feel sick.
The killer bee stings you but does no damage.
You hit the killer bee.
The killer bee is lightly wounded.
* * * LOW HITPOINT WARNING * * *
You feel sick. The killer bee barely misses you. You furiously retaliate!
You headbutt the killer bee, but do no damage.
The killer bee misses you.
It was a potion of cancellation.
You feel magically purged.
* * * LOW HITPOINT WARNING * * *
You feel sick. The killer bee barely misses you. The killer bee misses you.
You furiously retaliate!
You headbutt the killer bee!
It was a potion of haste.
You feel yourself speed up.
You feel like a meek peon again.
* * * LOW HITPOINT WARNING * * *
You feel sick. You block the killer bee's attack.
The killer bee stings you but does no damage.
It was a potion of brilliance.
You feel clever all of a sudden.
* * * LOW HITPOINT WARNING * * *
You feel sick. The killer bee barely misses you.
It was a potion of curing.
You feel better. The killer bee closely misses you. The killer bee stings you.
* * * LOW HITPOINT WARNING * * *
You are lethally poisoned!
The killer bee poisons you!
Okay, then.
You completely miss the killer bee.
The killer bee is heavily wounded.
* * * LOW HITPOINT WARNING * * *
You feel sick. You block the killer bee's attack.
You closely miss the killer bee. Your headbutt misses the killer bee.
The killer bee is heavily wounded.
* * * LOW HITPOINT WARNING * * *
You feel sick. The killer bee stings you!
You die...

.....
....##
....#
...# ..#
#y## #yz#
##y#
#@###
#<..#
###.....#
..##.# ##


You could see 3 killer bees and a wight.

Vanquished Creatures
  Grinder (D:5)
  Sigmund (D:6)
  Menkaure (D:6)
  An acid dragon (D:7)
  A centaur (D:6)
  3 ogres
  A phantom (D:4)
  2 bullfrogs (D:7)
  2 scorpions
  4 killer bees
  2 wights (D:7)
  3 howler monkeys (D:7)
  3 hounds
  4 orc priests
  2 jellies
  2 iguanas
  5 orc wizards
  A hound zombie (D:5)
  A howler monkey zombie (D:4)
  5 adders
  3 white imps
  An adder skeleton (D:5)
  5 worms
  2 dart slugs
  6 orcs
  8 bats
  9 endoplasms
  5 giant cockroaches
  5 goblins
  6 hobgoblins
  4 quokkas
  9 ball pythons
  3 frilled lizards
  3 kobolds (D:1)
  5 rats
119 creatures vanquished.

Notes
Turn   | Place    | Note
-------+----------+-------------------------------------------
     0 | D:1      | Peloso the Minotaur Fighter began the quest for the Orb.
     0 | D:1      | Reached XP level 1. HP: 19/19 MP: 0/0
   208 | D:1      | Reached XP level 2. HP: 27/27 MP: 1/1
   512 | D:1      | Found a faded altar of an unknown god.
   527 | D:1      | Reached XP level 3. HP: 26/33 MP: 2/2
  1204 | D:2      | Reached skill level 3 in Long Blades
  1407 | D:2      | Reached XP level 4. HP: 34/40 MP: 3/3
  1953 | D:3      | You fall into a shaft and drop 3 floors!
  1978 | D:6      | Reached skill level 4 in Long Blades
  1978 | D:6      | Reached XP level 5. HP: 20/47 MP: 4/4
  2003 | D:6      | Noticed an ogre
  2012 | D:6      | Killed an ogre
  2013 | D:6      | Reached skill level 1 in Dodging
  2167 | D:6      | Reached skill level 5 in Long Blades
  2167 | D:6      | Reached skill level 5 in Armour
  2167 | D:6      | Reached skill level 5 in Shields
  2167 | D:6      | Reached XP level 6. HP: 30/53 MP: 5/5
  2581 | D:5      | Entered Level 5 of the Dungeon
  2582 | D:5      | Noticed Grinder
  3189 | D:6      | HP: 2/53 [something (10)]
  3668 | D:5      | Found a blossoming altar of Fedhas.
  3782 | D:5      | Reached skill level 6 in Long Blades
  3883 | D:5      | Reached XP level 7. HP: 60/60 MP: 6/6
  4406 | D:4      | Reached skill level 7 in Long Blades
  6276 | D:5      | Killed Grinder
  6277 | D:5      | Reached skill level 5 in Fighting
  6277 | D:5      | Reached skill level 8 in Long Blades
  6277 | D:5      | Reached XP level 8. HP: 58/68 MP: 7/7
  6330 | D:5      | Found a staircase to the Ecumenical Temple.
  6377 | Temple   | Entered the Ecumenical Temple
  6439 | Temple   | Became a worshipper of Warmaster Okawaru
  7081 | D:6      | Noticed Sigmund
  7093 | D:6      | Killed Sigmund
  7152 | D:6      | Noticed Menkaure
  7156 | D:6      | Killed Menkaure
  7157 | D:6      | Reached skill level 9 in Long Blades
  7352 | D:6      | Found an ancient bone altar of Kikubaaqudgha.
  7371 | D:6      | Reached * piety under Okawaru
  7519 | D:7      | Reached skill level 1 in Crossbows
  7519 | D:7      | Reached skill level 1 in Stealth
  7519 | D:7      | Reached XP level 9. HP: 15/75 MP: 8/8
  7545 | D:7      | HP: 3/74 [poisoned by a killer bee]
  7547 | D:7      | HP: 1/74 [poisoned by a killer bee]
  7550 | D:7      | Slain by a killer bee

Illustrated notes

Levels and vault maps discovered:
D:1:      dpeg_arrival_boxorama, layout_loops_ring,
          hellmonk_ecumenical_altar_blasted
D:2:      layout_rooms, minmay_splitting_lines
D:3:      layout_loops_corners
D:4:      layout_gridville
D:5:      layout_rooms, mainiacjoe_overflow_cross_hatched,
          minmay_temple_entry_waves, serial_park_tiny_1,
          chequers_serial_rivers_small_3, uniq_grinder
D:6:      layout_cave_pools, kennysheep_mini_moat, uniq_sigmund, uniq_menkaure
D:7:      layout_rooms, nicolae_uskayaw_en_pointe,
          nemelex_xobeh_ov_fountains_minmay, serial_shops, shop, enter_ossuary_4
Temple:   hc_temple_tempest_star

Skill      XL: |  1  2  3  4  5  6  7  8  9 |
---------------+----------------------------+-----
Armour         | 4 5 6 8 |  8.0
Shields        | 4 5 |  5.8
Fighting       | 4 5 6 |  6.0
Long Blades    | 3 4 5 6 8 9 |  9.9
Dodging        | 1 2 3 |  3.5
Crossbows      | 1 |  1.8
Stealth        | 1 |  1.0

Action                   |  1- 3 |  4- 6 |  7- 9 || total
-------------------------+-------+-------+-------++-------
Melee: Long sword        |    79 |   128 |   188 ||   395
       Headbutt          |    10 |    14 |    33 ||    57
 Fire: Hand crossbow     |       |       |     7 ||     7
Invok: Heroism           |       |       |     2 ||     2
  Use: Scroll            |     2 |     1 |     4 ||     7
       Potion            |       |     3 |     5 ||     8
Armor: Scale mail        |    42 |    85 |    84 ||   211
       Skin              |       |     8 |       ||     8
Dodge: Dodged            |    44 |    43 |    95 ||   182
Block: Buckler           |    28 |    30 |    32 ||    90
